 Dungeon Crawl Stone Soup version 0.19-a0-854-gc78d25d (webtiles) character file.

2858 Implojin the Grappler (level 9, -5/85 HPs)
             Began as a Troll Fighter on July 1, 2016.
             Was an Initiate of Okawaru.
             Slain by a white ugly thing (28 damage)
             ... on level 11 of the Dungeon.
             The game lasted 00:10:47 (1967 turns).

Implojin the Grappler (Troll Fighter)               Turns: 1967, Time: 00:10:48

Health: -5/85      AC:  5    Str: 26    XL:     9   Next: 47%
Magic:  8/8        EV:  8    Int:  4    God:    Okawaru [......]
Gold:   0          SH: 10    Dex: 12    Spells: 0 memorised, 8 levels left

rFire  + . .     SeeInvis .       - Unarmed
rCold  . . .     Gourm    +     a - +0 robe
rNeg   . . .     Faith    .     b - +1 shield
rPois  .         Spirit   .     (helmet restricted)
rElec  .         Dismiss  .     (no cloak)
rCorr  .         Reflect  .     (gloves unavailable)
SustAt .         Harm     .     (boots unavailable)
MR     .....                    o - amulet of rage
Stlth  +.........               r - ring of protection from fire
                                (no ring)

@: hasted, very quick, not resistant to hostile enchantments, very unstealthy
A: unfitting armour, claws 3, fast metabolism 3, gourmand, regeneration 2,
shaggy fur 1, tough skin 2
a: Renounce Religion, Evoke Berserk Rage


You were on level 11 of the Dungeon.
You worshipped Okawaru.
Okawaru was noncommittal.
You were not hungry.

You visited 2 branches of the dungeon, and saw 12 of its levels.

Inventory:

Missiles
 v - 8 javelins (quivered)
 w - 5 large rocks
Armour
 a - a +0 robe (worn)
 b - a +1 shield (worn)
Jewellery
 f - an uncursed ring of teleportation
 k - a cursed ring of teleportation
 o - an amulet of rage (around neck)
 r - a ring of protection from fire (right claw)
Wands
 s - a wand of hasting (1/9)
 x - a wand of flame (27/48)
 A - a wand of iceblast (5/15)
Scrolls
 e - a scroll of teleportation
 g - a scroll of magic mapping
 i - a scroll of blinking
 j - 2 scrolls of fear
 m - a scroll of remove curse
 p - a scroll of amnesia {unknown}
 z - a scroll of enchant armour
Potions
 c - 3 potions of mutation
 l - 4 potions of degeneration
 t - a potion of lignification
 u - 2 potions of cure mutation
Books
 y - a book of the Dragon

   Spells                             Type                      Level
   a - Flame Tongue                   Conjuration/Fire             1
   b - Cause Fear                     Hexes                        4
   c - Bolt of Fire                   Conjuration/Fire             6
   d - Dragon Form                    Transmutation                7
   e - Dragon's Call                  Summoning                    9
Comestibles
 d - 5 bread rations
 h - 2 meat rations
 n - a royal jelly


   Skills:
 * Level 4.7 Fighting
 - Level 2.4 Dodging
 - Level 2.4 Shields
 - Level 12.1 Unarmed Combat


You had 8 spell levels left.
You didn't know any spells.

Dungeon Overview and Level Annotations

Branches:
Dungeon (11/15)            Temple (1/1) D:6
   Lair: D:8-11         Orc: D:9-12

Altars:
Ashenzari
Gozag
Kikubaaqudgha
Makhleb
Nemelex Xobeh
Okawaru
Qazlal
Ru
Sif Muna
Trog
Vehumet
Yredelemnul
Zin


Innate Abilities, Weirdness & Mutations

You are too large for most types of armour.
You have claws for hands.
Your metabolism is lightning-fast.
You like to eat raw meat.
You heal very quickly.
You are covered in fur. (AC +1)
You have very tough skin. (AC +2)


Message History

There is an open door here.
There is an open door here.
You open the door.
There is an open door here.
You open the door.
There is an open door here.
You open the door.
There is an open door here.
You open the door.
Found a leather armour.
There is an open door here.
You see here a leather armour.
There is a stone staircase leading down here.
You climb downwards.
Found a scroll of fear and 15 gold pieces.
There is a stone staircase leading up here.
Unknown command.
Found 4 needles of confusion.
Found a glowing silver altar of Zin.
j - 2 scrolls of fear (gained 1)
You see here 15 gold pieces.
Okay, then.
Found 7 sling bullets.
There is a glowing silver altar of Zin here.
A white ugly thing comes into view.
The white ugly thing gurgles horribly!
A crimson imp comes into view.
You claw the white ugly thing!
The white ugly thing is moderately wounded.
The white ugly thing bites you! The white ugly thing freezes you!
You closely miss the white ugly thing.
The white ugly thing is moderately wounded.
The white ugly thing bites you!
* * * LOW HITPOINT WARNING * * *
The white ugly thing freezes you!
* * * LOW HITPOINT WARNING * * *
Unknown command.
You feel yourself speed up. The white ugly thing bites you!
* * * LOW HITPOINT WARNING * * *
The white ugly thing freezes you!!
You die...

...........5.#
.............###
#................
#................
#. #.......... #.
#..########
#.#####..#
#.......u########
#(.......@.......
#..........######
#..#####...#
#..#####<..#
#.....##...#######
#.................
#.._............(.
#......###..######
#.....## #..######


You could see a white ugly thing.

Vanquished Creatures
  The ghost of scalarboson the Ducker, an amateur DsGl (D:4)
  Grinder (D:6)
  3 yaks (D:5)
  A hippogriff (D:8)
  A hungry ghost (D:7)
  2 orc warriors (D:7)
  An ogre (D:10)
  A necrophage (D:7)
  2 phantoms
  6 centaurs
  A big kobold (D:8)
  2 giant frogs
  A howler monkey (D:5)
  A jelly (D:8)
  A quasit (D:10)
  3 hounds
  5 orc wizards
  A giant frog skeleton (D:6)
  2 iguanas
  3 worker ants
  A hound zombie (D:6)
  4 adders
  A shadow imp (D:8)
  An adder zombie (D:5)
  A worm (D:2)
  A giant gecko (D:4)
  21 orcs
  A goblin (D:3)
  A hobgoblin (D:2)
  11 jackals
  2 quokkas
  A giant gecko skeleton (D:8)
  A rat (D:1)
86 creatures vanquished.

Notes
Turn   | Place    | Note
-------+----------+-------------------------------------------
     0 | D:1      | Implojin the Troll Fighter began the quest for the Orb.
     0 | D:1      | Reached XP level 1. HP: 22/22 MP: 0/0
    32 | D:2      | Reached XP level 2. HP: 22/29 MP: 1/1
    44 | D:2      | Reached skill level 3 in Unarmed Combat
    78 | D:3      | Reached XP level 3. HP: 36/36 MP: 2/2
    80 | D:3      | Reached skill level 4 in Unarmed Combat
    80 | D:3      | Reached XP level 4. HP: 34/44 MP: 3/3
   111 | D:5      | Entered Level 5 of the Dungeon
   117 | D:5      | Noticed a centaur
   126 | D:5      | Killed a centaur
   126 | D:5      | Reached skill level 5 in Unarmed Combat
   126 | D:5      | Reached XP level 5. HP: 7/50 MP: 4/4
   258 | D:5      | You fall through a shaft!
   268 | D:6      | Reached skill level 6 in Unarmed Combat
   297 | D:6      | Reached XP level 6. HP: 46/59 MP: 5/5
   308 | D:5      | Noticed a yak
   309 | D:5      | Noticed a yak
   310 | D:5      | Noticed a yak
   332 | D:5      | Killed a yak
   332 | D:5      | Reached skill level 7 in Unarmed Combat
   336 | D:5      | Killed a yak
   336 | D:5      | Reached XP level 7. HP: 18/66 MP: 6/6
   337 | D:5      | Killed a yak
   337 | D:5      | Reached skill level 8 in Unarmed Combat
   447 | D:5      | Reached skill level 9 in Unarmed Combat
   559 | D:4      | Noticed scalarboson's ghost (amateur DsGl)
   566 | D:4      | Killed scalarboson's ghost
   566 | D:4      | Reached XP level 8. HP: 50/74 MP: 7/7
   628 | D:4      | Reached skill level 10 in Unarmed Combat
   917 | D:6      | Noticed Grinder
   928 | D:6      | Killed Grinder
   971 | D:7      | Reached skill level 11 in Unarmed Combat
  1208 | D:7      | Reached XP level 9. HP: 75/80 MP: 8/8
  1384 | D:6      | Found a staircase to the Ecumenical Temple.
  1397 | Temple   | Entered the Ecumenical Temple
  1410 | Temple   | Became a worshipper of Warmaster Okawaru
  1530 | D:8      | Reached skill level 12 in Unarmed Combat
  1653 | D:10     | Entered Level 10 of the Dungeon
  1657 | D:10     | Reached skill level 3 in Fighting
  1743 | D:10     | Reached skill level 4 in Fighting
  1933 | D:11     | Found a glowing silver altar of Zin.
  1958 | D:11     | Noticed a white ugly thing
  1967 | D:11     | Slain by a white ugly thing

Vault maps used:
D:1:      dpeg_arrival_rhombi
D:2:      dk_noncrumbling_3, supply_closet_lemuel, minmay_item_behind_shaft
D:3:      first_bread, grunt_decor_arrowhead
D:4:      eino_small_chamber_without_monster
D:5:      lemuel_coloured_pillars_altar
D:6:      corexii_item_surrounded_by_moat, nicolae_gozag_zags_fifth_avenue,
          uniq_edmund, uniq_grinder
D:7:      hex_tiny
D:8:      blue_anna_alchemist
D:9:      basic_altar, minmay_hollow_rounded_squares, uniq_joseph,
          uniq_gastronok, uniq_grum, uniq_maurice
D:10:     uniq_psyche
D:11:     hiddenorc1_lemuel, basic_altar, nemelex_diamond_rough_becter,
          uniq_snorg
Temple:   grunt_wide_crystal_templ

Skill      XL: |  1  2  3  4  5  6  7  8  9 |
---------------+----------------------------+-----
Unarmed Combat | 3 4 5 6 7 9 11 12 | 12.1
Fighting       | 4 |  4.7
Dodging        | |  2.4
Shields        | |  2.4

Action                   |  1- 3 |  4- 6 |  7- 9 || total
-------------------------+-------+-------+-------++-------
Melee: Unarmed           |    18 |    55 |   229 ||   302
Evoke: Wand              |       |       |     2 ||     2
  Use: Potion            |       |     1 |     2 ||     3
       Scroll            |       |       |    12 ||    12
 Stab: Sleeping          |     1 |       |       ||     1
  Eat: Chunk             |     5 |     2 |    13 ||    20
Armor: Robe              |     2 |    11 |    58 ||    71
Dodge: Dodged            |     3 |    17 |    74 ||    94
Block: Shield            |     5 |    27 |    94 ||   126

Table legend:
 A = Turns spent in this place as a percentage of turns spent in the entire game.
 B = Non-inter-level travel turns spent in this place as a percentage of non-inter-level travel turns spent in the entire game.
 C = Inter-level travel turns spent in this place as a percentage of turns spent in this place.
 D = Turns resting spent in this place as a percentage of non-inter-level travel turns spent in this place.
 E = Turns spent auto-exploring this place as a percentage of non-inter-level travel turns spent in this place.
 F = Non-inter-level travel turns spent in this place divided by the number of levels of this place that you've seen.
                   A       B       C       D       E      F
               +-------+-------+-------+-------+-------+----------------------
         Total | 100.0 | 100.0 |   0.0 |   0.0 |   0.0 | 165.1
       Dungeon |  98.4 |  98.4 |   0.0 |   0.0 |   0.0 | 177.3
        Temple |   1.6 |   1.6 |   0.0 |   0.0 |   0.0 |  31.0
               +-------+-------+-------+-------+-------+----------------------

Table legend:
 A = Kills in this place as a percentage of kills in entire the game.
 B = Kills by you in this place as a percentage of kills by you in the entire game.
 C = Kills by friends in this place as a percentage of kills by friends in the entire game.
 D = Other kills in this place as a percentage of other kills in the entire game.
 E = Experience gained in this place as a percentage of experience gained in the entire game.
 F = Experience gained in this place divided by the number of levels of this place that you have seen.
                   A       B       C       D       E      F
               +-------+-------+-------+-------+-------+----------------------
         Total | 100.0 | 100.0 |  -nan |  -nan | 100.0 | 340.3
       Dungeon | 100.0 | 100.0 |  -nan |  -nan | 100.0 | 371.3
               +-------+-------+-------+-------+-------+----------------------
